 Dungeon Crawl Stone Soup version 0.30.0-29-ga12c61a403 (webtiles) character file.

Game seed: 10316625911778519178

928 seaoflcl the Cudgeller (level 7, 0/62 HPs)
             Began as a Minotaur Fighter on June 10, 2023.
             Killed by divine providence
             ... invoked by an orc priest
              (14 damage)
             ... on level 4 of the Dungeon.
             The game lasted 00:07:00 (5140 turns).

seaoflcl the Cudgeller (Minotaur Fighter)           Turns: 5140, Time: 00:07:00

Health: 0/62       AC: 13    Str: 23    XL:     7   Next: 85%
Magic:  6/6        EV:  9    Int:  5    God:
Gold:   333        SH:  0    Dex:  9    Spells: 6/6 levels left

rFire   . . .        k - +0 mace (protect)
rCold   . . .        c - +0 buckler
rNeg    . . .        b - +0 scale mail
rPois   .            (helmet restricted)
rElec   .            p - +0 cloak
rCorr   .            l - +0 pair of gloves
SInv    .            (no boots)
Will    .....        (no amulet) Stlth
                     (no ring)
HPRegen 0.30/turn    (no ring)
MPRegen 0.10/turn

%: no passive effects
@: confused, ambrosia-drunk, corroded, under a protective aura
A: horns 2, retaliatory headbutt
a: no special abilities


You were on level 4 of the Dungeon.
You visited 2 branches of the dungeon, and saw 7 of its levels.

You collected 333 gold pieces.

Inventory:

Hand Weapons
 a - a +0 war axe
 k - a +0 mace of protection (weapon)
 z - a +4 scythe
Missiles
 n - 18 poisoned darts (quivered)
Armour
 b - a +0 scale mail (worn)
 c - a +0 buckler (worn)
 l - a +0 pair of gloves (worn)
 p - a +0 cloak (worn)
Jewellery
 i - a +6 ring of dexterity
 m - a ring of ice
 r - a +6 ring of strength
 u - a ring of protection from cold
Wands
 q - a wand of flame (17)
Scrolls
 e - a scroll of fear {unknown}
 f - 3 scrolls of immolation
 s - 2 scrolls of blinking
 t - 4 scrolls of teleportation {unknown}
 v - 3 scrolls of butterflies {unknown}
 w - a scroll of amnesia {unknown}
 y - a scroll of enchant weapon {unknown}
Potions
 h - a potion of lignification
 o - 2 potions of ambrosia
 x - a potion of brilliance {unknown}
 A - a potion of attraction {unknown}


   Skills:
 + Level 5.9 Fighting
 - Level 3.2(5.0) Axes
 * Level 6.1(6.4) Maces & Flails
 + Level 1.8 Throwing
 + Level 5.9 Armour
 + Level 5.9 Shields


You had 6 spell levels left.
You didn't know any spells.
Your spell library contained the following spells:

 Spells                   Type           Power      Damage    Failure   Level
 Blink                    Tloc           0%         N/A       92%         2
 Lesser Beckoning         Tloc           0%         N/A       92%         2
 Momentum Strike          Conj/Tloc      0%         3d8       92%         2


Dungeon Overview and Level Annotations

Branches:
Dungeon (6/15)             Temple (1/1) D:5

Altars:
Ashenzari
Cheibriados
Elyvilon
Gozag
Hepliaklqana
Qazlal
Ru
Sif Muna
Uskayaw
Vehumet
Wu Jian
Xom
Yredelemnul
The Shining One


Innate Abilities, Weirdness & Mutations

You have a pair of horns on your head.
You reflexively headbutt those who attack you in melee.


Message History

You barely miss the orc priest. You headbutt the orc priest.
You kill the orc priest!
You block the orc's attack.
The orc priest hits you with a +0 trident.
* * * LOW HITPOINT WARNING * * *
The jelly hits you but does no damage. The orc priest barely misses you.
You block the orc's attack. The jelly hits you but does no damage.
You hit the orc priest. Your headbutt misses the orc priest.
The orc priest is moderately wounded.
The orc misses you. You furiously retaliate!
You headbutt the orc, but do no damage.
The orc priest hits you but does no damage.
The jelly closely misses you.
You hit the orc priest.
The orc priest is heavily wounded.
The orc priest miscasts a cantrip.
The orc barely misses you. The jelly hits you but does no damage.
You hit the orc priest but do no damage.
The orc priest is heavily wounded.
You block the orc's attack.
The orc priest hits you but does no damage.
The jelly hits you but does no damage. The orc priest misses you.
You hit the orc priest but do no damage.
Your headbutt misses the orc priest.
The orc priest is heavily wounded.
The orc hits you but does no damage.
The orc priest hits you but does no damage.
Okay, then.
Sorry, you're not good enough to have a special ability.
It was a potion of ambrosia.
You are confused.
You feel invigorated. The orc hits you but does no damage.
The orc priest hits you but does no damage.
The jelly hits you but does no damage.
You are more confused.
You feel more invigorated. The orc closely misses you.
The orc priest mumbles some strange prayers to Beogh against you.
Beogh smites you!
You die...

######.....#...
.................
.................
............##...
.....<...........
.............[...
........)......
#.......J...##...
#......)o@.......
#......>o........
#..............##
####.#######...#
#. ...# #. ..# .#
.#


You could see a jelly, an orc priest and an orc.

Vanquished Creatures
  An ice beast (D:5)
  An ogre (D:5)
  A sky beast (D:6)
  A kobold brigand (D:5)
  A bullfrog (D:4)
  An electric eel (D:6)
  2 orc priests (D:4)
  2 hounds
  An iguana (D:6)
  2 orc wizards (D:3)
  8 adders
  8 gnolls
  A shadow imp (D:5)
  An ufetubus (D:5)
  A worm (D:3)
  2 dart slugs
  21 orcs
  8 ball pythons
  9 endoplasms
  3 giant cockroaches
  A goblin (D:3)
  9 hobgoblins
  3 jackals (D:3)
  26 kobolds
  2 quokkas (D:1)
  4 bats
  2 frilled lizards (D:1)
  10 rats
132 creatures vanquished.

Notes
Turn   | Place    | Note
-------+----------+-------------------------------------------
     0 | D:1      | seaoflcl the Minotaur Fighter began the quest for the Orb.
     0 | D:1      | Reached XP level 1. HP: 19/19 MP: 0/0
   182 | D:1      | Reached XP level 2. HP: 26/27 MP: 1/1
   795 | D:2      | Reached XP level 3. HP: 33/33 MP: 2/2
   833 | D:2      | Reached skill level 1 in Maces & Flails
   850 | D:2      | Reached XP level 4. HP: 22/40 MP: 3/3
  1026 | D:2      | Reached skill level 2 in Maces & Flails
  1619 | D:3      | Reached XP level 5. HP: 47/47 MP: 4/4
  1701 | D:3      | Reached skill level 3 in Maces & Flails
  2253 | D:3      | Found an ornate altar of the Wu Jian Council.
  2579 | D:3      | HP: 1/47 [orc/+0 falchion (5)]
  2730 | D:4      | Reached XP level 6. HP: 55/55 MP: 5/5
  2855 | D:4      | Reached skill level 5 in Fighting
  2855 | D:4      | Reached skill level 4 in Maces & Flails
  2872 | D:4      | You fall into a shaft and drop 2 floors!
  2894 | D:6      | Found a basalt altar of Yredelemnul.
  2916 | D:6      | Found a white marble altar of Elyvilon.
  2922 | D:6      | Reached skill level 5 in Armour
  2922 | D:6      | Reached skill level 5 in Shields
  3094 | D:6      | Noticed an ice beast
  3147 | D:6      | Noticed a sky beast
  3157 | D:6      | Killed a sky beast
  3349 | D:5      | Entered Level 5 of the Dungeon
  3380 | D:5      | Reached XP level 7. HP: 61/61 MP: 6/6
  3403 | D:5      | Found a staircase to the Ecumenical Temple.
  3438 | D:5      | Found a shimmering altar of Xom.
  3486 | D:5      | Reached skill level 5 in Maces & Flails
  3525 | Temple   | Entered the Ecumenical Temple
  3735 | D:5      | Reached skill level 1 in Throwing
  4316 | D:5      | Reached skill level 6 in Maces & Flails
  5128 | D:4      | HP: 2/62 [orc priest/+0 trident (5)]
  5133 | D:4      | HP: 3/62 [orc priest/+0 trident (4)]
  5140 | D:4      | Killed from afar by an orc priest

Illustrated notes

Levels and vault maps discovered:
D:1:      eino_arrival_cavern_e, layout_basic, serial_forest,
          infiniplex_forest_clump_medium, infiniplex_forest_clump_tiny,
          infiniplex_forest_clump_tiny, infiniplex_forest_lined_room_2,
          infiniplex_forest_lined_2, infiniplex_forest_lined_room_3,
          infiniplex_forest_clump_tiny, infiniplex_forest_diagonal,
          infiniplex_forest_straight_3
D:2:      layout_loops_cross
D:3:      minmay_skewed_foursquare, layout_loops_ring, lemuel_crystal_altar,
          minmay_distorted
D:4:      layout_basic, lemuel_tele_altar, gammafunk_temple_overflow_forgotten,
          uniq_menkaure
D:5:      kennysheep_kobold_camp, layout_gridville, kennysheep_little_box,
          minmay_temple_entry_fiery, sigmund_army
D:6:      nicolae_cairo_tiling_large, layout_gridville,
          lemuel_zombie_altar_kikubaaqudgha, nicolae_elyvilon_temple_path,
          yredelemnul_altar_generic, nicolae_figureground_pulse
Temple:   cyrus_temple_forest

Skill      XL: |  1  2  3  4  5  6  7 |
---------------+----------------------+-----
Axes           | 3 |  3.2
Fighting       | 4 5 |  5.9
Maces & Flails | 1 2 3 4 6 |  6.1
Armour         | 4 5 |  5.9
Shields        | 4 5 |  5.9
Throwing       | 1 |  1.8

Action                     |  1- 3 |  4- 6 |  7- 9 || total
---------------------------+-------+-------+-------++-------
  Melee: War axe           |    43 |       |       ||    43
         Headbutt          |    10 |    22 |    18 ||    50
         Mace              |    31 |   155 |   107 ||   293
    Use: Scroll            |       |     6 |       ||     6
         Potion            |       |     1 |     7 ||     8
 Armour: Scale mail        |    46 |   113 |    96 ||   255
  Dodge: Dodged            |    30 |    74 |    74 ||   178
  Block: Buckler           |    19 |    27 |    32 ||    78
